cohdb
Replays
Latest Replays
All Replays
Popular Replays
Top Player Replays
Match Explorer
How It Works
Community
CoH3 Stats
Reddit
Sign in to upload your games and track your stats! →
Sign in with Steam
Match 41523895
Unlisted
Match 41523895
Overview
Messages
Build Orders
End
Royal Engineer Section
Selects Canadian Shock Battlegroup
Construct Section Command Post
Infantry Section
Vickers Machine Gun Team
Selects Attacking Spirit
Selects Canadian Shock Section
Canadian Shock Section
Construct Platoon Command Post
WadoVice
Cpt. Unicorn
0
0
Comments
sign in to comment!
No comments posted yet!